 Dungeon Crawl Stone Soup version 0.29-a0-106-g0a07039d5a (webtiles) character file.

Game seed: 5317197950455033550

2394 siradein the Blocker (level 9, -4/81 HPs)
             Began as a Minotaur Fighter on Feb 17, 2022.
             Was an Initiate of Makhleb.
             Killed from afar by Maggie (18 damage)
             ... with a bolt of fire
             ... on level 7 of the Dungeon.
             The game lasted 00:23:23 (8148 turns).

siradein the Blocker (Minotaur Fighter)             Turns: 8148, Time: 00:23:24

Health: -4/81      AC:  8    Str: 21    XL:     9   Next: 22%
Magic:  8/9        EV: 12    Int:  5    God:    Makhleb [......]
Gold:   289        SH:  6    Dex: 18    Spells: 8/8 levels left

rFire   . . .      SeeInvis .   h - +2 rapier (venom)
rCold   . . .      Faith    .   c - +0 buckler
rNeg    . . .      Spirit   .   y - +3 leather armour of Agnosticism {Fly rElec Dex+4}
rPois   .          Reflect  .   (helmet restricted)
rElec   +          Harm     .   (no cloak)
rCorr   .          Rampage  .   (no gloves)
Will    .....                   s - +0 pair of boots
Stlth   +.........              (no amulet)
HPRegen 0.23/turn               (no ring)
MPRegen 0.11/turn               (no ring)

@: lethally poisoned (-4 -> -12), about to teleport, flying, mesmerised
A: horns 2, retaliatory headbutt
a: Renounce Religion


You were on level 7 of the Dungeon.
You worshipped Makhleb.
Makhleb was noncommittal.
You visited 2 branches of the dungeon, and saw 8 of its levels.

You collected 289 gold pieces.

Inventory:

Hand Weapons
 a - a +0 long sword
 h - a +2 rapier of venom (weapon)
Armour
 c - a +0 buckler (worn)
 s - a +0 pair of boots (worn)
 y - the +3 leather armour of Agnosticism (worn) {Fly rElec Dex+4}
   (You found it on level 6 of the Dungeon)

   Dex:       It affects your dexterity (+4).
   rElec:     It insulates you from electricity.
   Fly:       It grants you flight.
Wands
 z - a wand of iceblast (6)
 A - a wand of flame (14)
Scrolls
 b - 4 scrolls of teleportation
 e - 4 scrolls of identify {unknown}
 f - 2 scrolls of fear {unknown}
 g - 2 scrolls of fog {unknown}
 i - 3 scrolls of amnesia {unknown}
 j - a scroll of noise {unknown}
 k - 3 scrolls of enchant weapon {unknown}
 m - 4 scrolls of torment {unknown}
 r - a scroll of brand weapon {unknown}
 v - a scroll of silence {unknown}
 w - a scroll of summoning {unknown}
 x - a scroll of vulnerability {unknown}
Potions
 d - 3 potions of might
 l - a potion of brilliance {unknown}
 n - a potion of ambrosia {unknown}
 o - a potion of attraction {unknown}
 p - 3 potions of curing {unknown}
 q - 3 potions of degeneration {unknown}
 t - 2 potions of flight {unknown}
 u - a potion of magic {unknown}


   Skills:
 + Level 8.0 Fighting
 + Level 7.5 Long Blades
 + Level 8.0 Armour
 + Level 3.0 Dodging
 + Level 8.0 Shields
 + Level 1.4 Invocations


You had 8 spell levels left.
You didn't know any spells.
Your spell library contained the following spells:

 Spells                   Type           Power      Damage    Failure   Level
 Summon Small Mammal      Summ           0%         N/A       58%         1
 Call Canine Familiar     Summ           0%         N/A       92%         3
 Conjure Flame            Conj/Fire      0%         6-21      92%         3
 Ignite Poison            Fire/Tmut/Pois 0%         N/A       92%         3
 Summon Guardian Golem    Hex/Summ       0%         N/A       92%         3
 Cause Fear               Hex            0%         N/A       100%        4
 Sticky Flame             Conj/Fire      0%         2d3       100%        4
 Dragon Form              Tmut           0%         N/A       100%        7
 Dragon's Call            Summ           0%         N/A       100%        9


Dungeon Overview and Level Annotations

Branches:
Dungeon (7/15)             Temple (1/1) D:7

Altars:
Ashenzari
Cheibriados
Elyvilon
Gozag
Hepliaklqana
Kikubaaqudgha
Makhleb
Okawaru
Ru
Trog
Uskayaw
Vehumet
Xom
Yredelemnul
The Shining One

Shops:
D:1 *   D:4 :

Annotations:
D:2 1 runed translucent door, Crazy Yiuf
D:7 Maggie


Innate Abilities, Weirdness & Mutations

You have a pair of horns on your head.
You reflexively headbutt those who attack you in melee.


Message History

You block the water moccasin's attack.
You closely miss the water moccasin.
The water moccasin is moderately wounded.
You feel very sick.
The water moccasin completely misses you.
You miss the water moccasin.
The water moccasin is moderately wounded.
You feel sick. The water moccasin bites you.
You are more poisoned.
The water moccasin poisons you! The water moccasin bites you.
You hit the water moccasin.
Your headbutt misses the water moccasin.
The water moccasin is heavily wounded.
You feel very sick. The water moccasin misses you. You furiously retaliate!
You headbutt the water moccasin! You barely miss the water moccasin.
Your headbutt misses the water moccasin.
The water moccasin is almost dead.
You feel very sick. The water moccasin bites you.
Maggie mumbles some strange words.
Maggie draws you further into her thrall.
The water moccasin bites you!
You puncture the water moccasin!
You kill the water moccasin!
Makhleb accepts your kill.
You feel very sick.
Your Fighting skill increases to level 8!
Your Armour skill increases to level 8!
Your Dodging skill increases to level 3!
As you read the scroll of teleportation, it crumbles to dust.
You feel strangely unstable.
You feel very sick. Maggie hits you with a +0 broad axe!
* * * LOW HITPOINT WARNING * * *
You closely miss Maggie.
You feel sick. Maggie casts a spell at you. The bolt of fire hits you!!
You die...

# #.##...#.##.# #..###. #
#.##.#.#.##.# #..# #. #####
#.##......#.####..###. ....#
#....................> ###.#
#.####.#..#.####.##### #
#[########....)......####.### #
#D#.........###.#..#........###
###....#####.#.##.#..≈§§..#......
.....#.........@@.#.≈≈§§≈.###.###
####...#####...####≈≈§≈§≈≈# #.# #
##.## ##.#####≈§≈>≈≈≈# #.# #
#.#######......§§§≈≈§≈# #.#
#.#.......#####.≈§§≈≈.# #.#
#...#####.# #..≈≈≈..# #.# ##..#
#.# ####.##.# #.# #..#
#.########.#..# #.# #..#
#............####.#


You could see Maggie (mesmerising).

Vanquished Creatures
  A two-headed ogre (D:6)
  A troll (Temple)
  A wyvern (D:7)
  2 water moccasins
  An acid dragon (D:6)
  An orc warrior (D:7)
  2 ogres
  A sky beast (D:6)
  A centaur (D:7)
  A bullfrog (D:7)
  A scorpion (D:4)
  A wyvern skeleton (D:5)
  2 hounds (D:5)
  A centaur skeleton (D:6)
  A jelly (D:6)
  A bullfrog skeleton (D:7)
  Natasha (thrice) (D:2)
  4 iguanas
  4 gnolls (D:2)
  A howler monkey skeleton (D:4)
  4 adders
  A shadow imp (D:5)
  An ufetubus (D:6)
  A worm (D:2)
  A dart slug (D:5)
  7 orcs
  6 endoplasms
  2 giant cockroaches
  7 goblins
  10 hobgoblins
  4 jackals (D:2)
  8 kobolds
  2 quokkas
  9 ball pythons
  8 bats
  3 frilled lizards
  5 rats
110 creatures vanquished.

Notes
Turn   | Place    | Note
-------+----------+-------------------------------------------
     0 | D:1      | siradein the Minotaur Fighter began the quest for the Orb.
     0 | D:1      | Reached XP level 1. HP: 19/19 MP: 0/0
   211 | D:1      | Reached XP level 2. HP: 27/27 MP: 1/1
   527 | D:1      | Found Ceudips's General Store.
   916 | D:1      | Reached XP level 3. HP: 28/33 MP: 2/2
  1201 | D:2      | Found a shimmering altar of Xom.
  1339 | D:2      | Noticed an ogre
  1588 | D:2      | Killed an ogre
  1589 | D:2      | Reached XP level 4. HP: 19/41 MP: 3/3
  1783 | D:2      | Reached XP level 5. HP: 45/47 MP: 4/4
  2247 | D:2      | Noticed Natasha
  2254 | D:2      | Killed Natasha
  2309 | D:2      | Reached skill level 5 in Shields
  2333 | D:2      | Reached skill level 5 in Fighting
  2381 | D:2      | Found a runed translucent door.
  2382 | D:2      | Noticed Crazy Yiuf
  2603 | D:2      | Noticed Natasha
  2625 | D:2      | Killed Natasha
  2626 | D:2      | Reached skill level 5 in Armour
  2725 | D:2      | Noticed Natasha
  2732 | D:2      | Killed Natasha
  2733 | D:2      | Reached XP level 6. HP: 50/56 MP: 5/5
  3246 | D:3      | Found a faded altar of an unknown god.
  3246 | D:3      | Noticed a blizzard demon
  3420 | D:3      | You fall into a shaft and drop 3 floors!
  3432 | D:5      | Entered Level 5 of the Dungeon
  4403 | D:4      | Found Icacs's Book Emporium.
  5013 | D:5      | Reached skill level 5 in Long Blades
  5149 | D:5      | Reached XP level 7. HP: 59/62 MP: 6/6
  5814 | D:6      | Noticed a two-headed ogre
  5858 | D:6      | Killed a two-headed ogre
  5859 | D:6      | Reached XP level 8. HP: 26/71 MP: 7/7
  6473 | D:6      | Identified the +3 leather armour of Agnosticism {Fly rElec
                  | Dex+4}
  6583 | D:6      | Reached skill level 1 in Dodging
  7234 | D:7      | Found a staircase to the Ecumenical Temple.
  7245 | Temple   | Entered the Ecumenical Temple
  7360 | Temple   | Became a worshipper of Makhleb the Destroyer
  7625 | D:7      | Reached XP level 9. HP: 80/81 MP: 8/8
  7638 | D:7      | Noticed Maggie
  7645 | D:7      | Noticed a troll
  8009 | Temple   | Killed a troll
  8010 | Temple   | Reached skill level 1 in Invocations
  8148 | D:7      | Killed from afar by Maggie

Illustrated notes

Levels and vault maps discovered:
D:1:      dpeg_arrival_water_fire, layout_loops_corners, serial_shops,
          nicolae_shop_behind_doors, minmay_pentomino_t4
D:2:      layout_basic, basic_altar, kennysheep_generic_room_5,
          uniq_crazy_yiuf_cottage, uniq_natasha
D:3:      layout_basic, dreamdust_ecumenical_altar_sealed_demon,
          minmay_quantized
D:4:      layout_gridville, serial_shops, shop, hex_large, nrook_campfire
D:5:      layout_gridville, minmay_statues_item
D:6:      layout_cave_pools, mrwooster_statue_mirror, minmay_stone_trees_small
D:7:      layout_loops_ring, minmay_temple_entry_mist, uniq_maggie
Temple:   regret_index_temple_waves

Skill      XL: |  1  2  3  4  5  6  7  8  9 |
---------------+----------------------------+-----
Shields        | 4 5 6 7 8 |  8.0
Fighting       | 4 5 6 7 8 |  8.0
Long Blades    | 3 4 5 6 7 |  7.5
Armour         | 4 5 6 7 8 |  8.0
Dodging        | 2 3 |  3.0
Invocations    | 1 |  1.4

Action                   |  1- 3 |  4- 6 |  7- 9 || total
-------------------------+-------+-------+-------++-------
Melee: Long sword        |    29 |       |    15 ||    44
       Headbutt          |     6 |    16 |    21 ||    43
       Rapier            |    41 |   108 |    72 ||   221
  Use: Scroll            |       |     1 |     1 ||     2
Armor: Scale mail        |    10 |       |       ||    10
       Chain mail        |    16 |    43 |    21 ||    80
       Leather armour    |       |       |    22 ||    22
Dodge: Dodged            |    26 |    43 |    61 ||   130
Block: Buckler           |    12 |    26 |    24 ||    62

Table legend: (Time is in decaauts)
 A = Elapsed time spent in this place.
 B = Non-inter-level travel time spent in this place.
 C = Inter-level travel time spent in this place.
 D = Time resting spent in this place.
 E = Time spent auto-exploring this place.
 F = Levels seen in this place.
 G = Mean time per level.
                   A        B        C        D        E       F      G
               +--------+--------+--------+--------+--------+-----+--------+
         Total |   8196 |   7971 |    225 |   1143 |   5653 |   8 | 1024.5 |
       Dungeon |   7714 |   7489 |    225 |    839 |   5560 |   7 | 1102.0 |
        Temple |    481 |    481 |      0 |    304 |     93 |   1 |  481.0 |
               +--------+--------+--------+--------+--------+-----+--------+

Top non-repeatable levels by time:
     D:1: 1635 daAuts
     D:2: 1257 daAuts
     D:6: 1247 daAuts
     D:5: 1099 daAuts
     D:4: 928 daAuts
     D:3: 904 daAuts
     D:7: 642 daAuts
  Temple: 481 daAuts
